 Dungeon Crawl Stone Soup version 0.27.1-4-g1640c2035a (webtiles) character file.

Game seed: 9177609981853236854

2389 Johnny the Quickloader (level 9, -5/91 HPs)
             Began as a Human Hunter on Nov 5, 2021.
             Was a Priest of Okawaru.
             Slain by a wyvern (12 damage)
             ... on level 8 of the Dungeon.
             The game lasted 00:12:24 (8580 turns).

Johnny the Quickloader (Human Hunter)               Turns: 8580, Time: 00:12:25

Health: -5/91      AC: 24    Str: 13    XL:     9   Next: 74%
Magic:  9/9        EV:  2    Int: 12    God:    Okawaru [***...]
Gold:   101        SH:  0    Dex: 16    Spells: 8/8 levels left

rFire    + . .     SeeInvis .   s - +1 scimitar (holy)
rCold    + . .     Faith    +   (no shield)
rNeg     + + +     Spirit   .   (armour currently unavailable)
rPois    +         Reflect  .   (helmet currently unavailable)
rElec    +         Harm     .   (cloak currently unavailable)
rCorr    +         Rampage  .   (gloves currently unavailable)
Will     .....     NoTele   +   (boots currently unavailable)
Stlth    ++........             r - amulet of faith
HPRegen  0.25/turn              o - +4 ring of evasion
MPRegen  0.11/turn              (no ring)

@: tree-form, resistant
A: stationary, stasis, torment immunity, boosted hp
a: Renounce Religion, Heroism


You were on level 8 of the Dungeon.
You worshipped Okawaru.
Okawaru was most pleased with you.
You were a tree.
You visited 2 branches of the dungeon, and saw 9 of its levels.

You collected 1442 gold pieces.
You spent 1341 gold pieces at shops.

Inventory:

Hand Weapons
 a - a +1 hand crossbow
 s - a +1 scimitar of holy wrath (weapon)
Missiles
 d - 4 bolts
Armour
 c - a +0 leather armour (melded)
 h - a +2 pair of gloves (melded)
 q - a +0 helmet (melded)
Jewellery
 o - a +4 ring of evasion (left branch)
 r - an amulet of faith (around neck)
 y - a ring of ice
 z - a ring of ice
Wands
 J - a wand of paralysis (6)
 K - a wand of acid (2)
 L - a wand of flame (5)
Scrolls
 b - a scroll of vulnerability
 g - 3 scrolls of fog
 i - 2 scrolls of silence
 j - 3 scrolls of blinking
 k - 5 scrolls of fear
 l - a scroll of torment
 u - a scroll of brand weapon {unknown}
 v - 4 scrolls of magic mapping
 w - 5 scrolls of teleportation
 x - a scroll of enchant weapon {unknown}
 A - a scroll of summoning {unknown}
 B - 3 scrolls of immolation
 H - a scroll of noise
Potions
 f - a potion of ambrosia
 n - a potion of magic
 p - 2 potions of lignification
 t - 3 potions of curing
 C - a potion of attraction
 D - a potion of mutation
 E - a potion of cancellation
 G - a potion of haste


   Skills:
 - Level 2.0 Fighting
 + Level 12.7 Crossbows
 - Level 2.0 Dodging
 - Level 1.0 Stealth


You had 8 spell levels left.
You didn't know any spells.
Your spell library contained the following spells:

 Spells                   Type           Power      Damage    Failure   Level
 Static Discharge         Conj/Air       0%         N/A       45%         2
 Lightning Bolt           Conj/Air       0%         1d11      100%        5
 Maxwell's Capacitive Co  Air            0%         ∞         100%        8


Dungeon Overview and Level Annotations

Branches:
Dungeon (8/15)             Temple (1/1) D:6
   Lair: D:8-11

Altars:
Ashenzari
Cheibriados
Dithmenos
Fedhas
Gozag
Hepliaklqana
Kikubaaqudgha
Makhleb
Nemelex Xobeh
Okawaru
Trog
Uskayaw
Vehumet
Xom
Yredelemnul
Zin
The Shining One

Shops:
D:1 (?!!   D:3 =

Annotations:
D:5 1 runed translucent door, barott's ghost, amateur GrFi
D:7 Harold


Message History

You hit the wyvern but do no damage.
The wyvern is lightly wounded.
The wyvern bites you but does no damage.
The wyvern bites you.
* * * LOW HITPOINT WARNING * * *
You hit the wyvern.
The wyvern is moderately wounded.
The wyvern bites you but does no damage. x2
It was a potion of magic.
Magic courses through your body.
The wyvern bites you but does no damage.
You slash the wyvern!
The wyvern is heavily wounded.
The wyvern bites you.
* * * LOW HITPOINT WARNING * * *
The wyvern bites you but does no damage.
It was a potion of resistance.
You feel protected. The wyvern bites you!
* * * LOW HITPOINT WARNING * * *
The wyvern bites you but does no damage.
It was a potion of flight.
Your roots keep you in place.
The wyvern bites you.
* * * LOW HITPOINT WARNING * * *
It was a potion of heal wounds.
You feel much better.
The wyvern bites you but does no damage. x2
You hit the wyvern but do no damage.
The wyvern is heavily wounded.
The wyvern bites you!
* * * LOW HITPOINT WARNING * * *
The wyvern bites you but does no damage.
You slash the wyvern!
The wyvern is severely wounded.
The wyvern hisses menacingly.
The wyvern bites you.
* * * LOW HITPOINT WARNING * * *
The wyvern bites you.
* * * LOW HITPOINT WARNING * * *
You hit the wyvern but do no damage.
The wyvern is severely wounded.
The wyvern bites you!
You die...

#...(.......#####...
#...........)..o....
####......8....†....
#....8...######..
####.(8..#.....
##......(...
###(#.####.
#######)((#
#..)♣l.)(##
#...####..# #....#
##.# ####... .# ####
.# .. ##


You could see a wyvern.

Vanquished Creatures
  Sigmund (D:2)
  A wyvern (D:7)
  A yak (D:8)
  Menkaure (D:4)
  2 orc warriors
  A water moccasin (D:8)
  A necrophage (D:5)
  3 ogres
  A kobold brigand (D:7)
  A bullfrog (D:6)
  A wyvern zombie (D:8)
  2 scorpions
  5 killer bees (D:8)
  A howler monkey (D:6)
  A bullfrog zombie (D:5)
  2 jellies
  2 orc priests (D:8)
  2 centaur skeletons
  Ijyb (D:4)
  2 iguanas (D:6)
  5 orc wizards
  2 howler monkey skeletons (D:4)
  7 adders
  3 gnolls (D:6)
  A shadow imp (D:5)
  An ufetubus (D:5)
  3 dart slugs
  23 orcs
  2 endoplasms
  A giant cockroach (D:1)
  6 goblins
  6 hobgoblins
  3 quokkas
  8 ball pythons
  7 bats
  3 frilled lizards
  12 kobolds
  9 rats
  A spectral kobold (D:3)
135 creatures vanquished.

Vanquished Creatures (others)
  A fungus (D:8)
  19 plants (D:8)
  5 withered plants (D:8)
25 creatures vanquished.

Grand Total: 160 creatures vanquished

Notes
Turn   | Place    | Note
-------+----------+-------------------------------------------
     0 | D:1      | Johnny the Human Hunter began the quest for the Orb.
     0 | D:1      | Reached XP level 1. HP: 16/16 MP: 1/1
    62 | D:1      | Found Myinifies's Distillery.
   151 | D:1      | Found Tulom's Magic Scroll Emporium.
   262 | D:1      | Reached XP level 2. HP: 22/22 MP: 2/2
   505 | D:1      | Found Xiuc's Weapon Shop.
   509 | D:1      | Found Zoiqair's Magic Scroll Shop.
   537 | D:1      | Reached XP level 3. HP: 27/27 MP: 3/3
   564 | D:1      | Bought a scroll of identify for 22 gold pieces
   722 | D:1      | Reached skill level 5 in Crossbows
   727 | D:1      | Found Giudgh's Distillery.
  1006 | D:1      | Found a faded altar of an unknown god.
  1206 | D:2      | Reached XP level 4. HP: 33/33 MP: 4/4
  1444 | D:2      | Noticed Sigmund
  1697 | D:3      | Found a hazy altar of Hepliaklqana.
  1751 | D:3      | Found Caodic's Jewellery Boutique.
  2378 | D:4      | Reached skill level 6 in Crossbows
  2378 | D:4      | Reached XP level 5. HP: 33/38 MP: 5/5
  2528 | D:4      | Noticed an ogre
  2606 | D:5      | Entered Level 5 of the Dungeon
  2816 | D:5      | Reached XP level 6. HP: 44/44 MP: 6/6
  2840 | D:5      | Reached skill level 7 in Crossbows
  2874 | D:5      | Noticed a necrophage
  2883 | D:5      | Killed a necrophage
  3026 | D:5      | Noticed an ogre
  3048 | D:5      | HP: 1/44 [ogre (21)]
  3051 | D:5      | Killed an ogre
  3052 | D:5      | Reached XP level 7. HP: 1/50 MP: 7/7
  3482 | D:5      | Found a runed translucent door.
  3482 | D:5      | Noticed barott's ghost (amateur GrFi)
  3588 | D:6      | Reached skill level 8 in Crossbows
  4061 | D:6      | Found a staircase to the Ecumenical Temple.
  4079 | Temple   | Entered the Ecumenical Temple
  4163 | Temple   | Became a worshipper of Warmaster Okawaru
  5011 | D:6      | Reached skill level 9 in Crossbows
  5019 | D:6      | Reached XP level 8. HP: 33/56 MP: 8/8
  5875 | D:4      | Reached * piety under Okawaru
  5935 | D:4      | Noticed Ijyb
  5940 | D:4      | Killed Ijyb
  5941 | D:4      | Reached skill level 10 in Crossbows
  6218 | D:4      | Noticed Menkaure
  6229 | D:4      | Killed Menkaure
  6540 | D:2      | Killed Sigmund
  6704 | D:1      | Bought a scroll of identify for 22 gold pieces
  6704 | D:1      | Bought a scroll of teleportation for 33 gold pieces
  6704 | D:1      | Bought a scroll of magic mapping for 38 gold pieces
  6704 | D:1      | Bought a scroll of blinking for 82 gold pieces
  6704 | D:1      | Bought a scroll of teleportation for 33 gold pieces
  6705 | D:1      | Identified a scroll of acquirement
  6706 | D:1      | Acquired 1143 gold pieces
  6710 | D:1      | Bought a scroll of magic mapping for 38 gold pieces
  6710 | D:1      | Bought a scroll of immolation for 38 gold pieces
  6710 | D:1      | Bought a scroll of fog for 22 gold pieces
  6710 | D:1      | Bought a scroll of vulnerability for 82 gold pieces
  6710 | D:1      | Bought a scroll of immolation for 38 gold pieces
  6710 | D:1      | Bought a scroll of torment for 82 gold pieces
  6727 | D:1      | Bought a potion of attraction for 39 gold pieces
  6727 | D:1      | Bought a potion of mutation for 104 gold pieces
  6727 | D:1      | Bought a potion of curing for 39 gold pieces
  6727 | D:1      | Bought 2 potions of curing for 78 gold pieces
  6727 | D:1      | Bought a potion of cancellation for 104 gold pieces
  6773 | D:1      | Bought a potion of lignification for 39 gold pieces
  6773 | D:1      | Bought a potion of invisibility for 104 gold pieces
  6773 | D:1      | Bought a potion of haste for 130 gold pieces
  6799 | D:1      | Bought a scroll of noise for 12 gold pieces
  6799 | D:1      | Bought 3 scrolls of fear for 126 gold pieces
  6799 | D:1      | Bought a scroll of teleportation for 36 gold pieces
  6886 | D:7      | Found a hide-covered altar of Uskayaw.
  6890 | D:7      | Reached ** piety under Okawaru
  6905 | D:7      | Noticed a wyvern
  6915 | D:7      | Killed a wyvern
  6916 | D:7      | Reached skill level 11 in Crossbows
  6916 | D:7      | Reached XP level 9. HP: 57/61 MP: 9/9
  7647 | D:7      | Noticed Harold
  8014 | D:8      | Reached skill level 12 in Crossbows
  8216 | D:8      | Reached *** piety under Okawaru
  8216 | D:8      | HP: 4/91 [poisoned by a water moccasin]
  8576 | D:8      | HP: 4/91 [wyvern (4)]
  8580 | D:8      | Slain by a wyvern

Illustrated notes

Levels and vault maps discovered:
D:1:      onia_arrival_pentagram, layout_basic, serial_shops, shop,
          shop_fountains, nicolae_shop_trees, shop,
          nicolae_shop_competitors_out_of_business,
          shapermc_ecumenical_altar_mp_vishouse
D:2:      layout_basic, minivault_14, minmay_pentomino_o2, uniq_sigmund
D:3:      layout_loops_ring, nicolae_hepliaklqana_monster_ancestors,
          serial_shops, nicolae_shop_crystal
D:4:      layout_cave_pools, uniq_ijyb, uniq_menkaure
D:5:      layout_rooms, gammafunk_ghost_grave
D:6:      layout_loops_ring, minmay_temple_entry_glass
D:7:      layout_rooms, eat_drink_and_be_merry_uskayaw,
          mainiacjoe_overflow_paths, minmay_quadrilaterals, uniq_duvessa,
          uniq_harold
D:8:      layout_rooms, overflow_temple_1_default, minmay_lair_entry_grove,
          ebering_ghost_funeral_grove, serial_undead, serial_undead_e,
          serial_undead_a, serial_undead_f, serial_undead_c,
          doesnt_shop_hydraphobe
Temple:   lightli_temple_of_artemis

Skill      XL: |  1  2  3  4  5  6  7  8  9 |
---------------+----------------------------+-----
Crossbows      | 5 6 7 9 11 12 | 12.7
Fighting       | |  2.0
Dodging        | |  2.0
Stealth        | |  1.0

Action                   |  1- 3 |  4- 6 |  7- 9 || total
-------------------------+-------+-------+-------++-------
Melee: Short sword       |       |    53 |       ||    53
       Scimitar          |       |    22 |   174 ||   196
 Fire: Hand crossbow     |    69 |    64 |   101 ||   234
Evoke: Wand              |       |     1 |    31 ||    32
  Use: Scroll            |       |     3 |     4 ||     7
       Potion            |       |       |    11 ||    11
 Stab: Sleeping          |       |     2 |     1 ||     3
       Paralysed         |       |       |    10 ||    10
       Invisible         |       |       |     3 ||     3
Armor: Leather armour    |     7 |    31 |    74 ||   112
       Skin              |       |       |    39 ||    39
Dodge: Dodged            |    17 |    97 |   219 ||   333
       Rpst.: Scimitar   |       |     4 |    48 ||    52
